 Dungeon Crawl Stone Soup version 0.26-a0-812-g31a745ddcd (webtiles) character file.

Game seed: 13132492603027454692

30 grindst0ne the Sneak (level 3, -3/16 HPs)
             Began as a Spriggan Enchanter on Nov 26, 2020.
             Slain by a kobold (4 damage)
             ... on level 2 of the Dungeon.
             The game lasted 00:02:17 (1238 turns).

grindst0ne the Sneak (Spriggan Enchanter)           Turns: 1238, Time: 00:02:18

Health: -3/16      AC:  2    Str:  4    XL:     3   Next: 5%
Magic:  2/8        EV: 19    Int: 17    God:
Gold:   52         SH:  0    Dex: 16    Spells: 4/7 levels left

rFire    . . .     SeeInvis +   a - +1 dagger
rCold    . . .     Faith    .   (shield restricted)
rNeg     . . .     Spirit   .   b - +0 robe
rPois    .         Reflect  .   (helmet restricted)
rElec    .         Harm     .   (no cloak)
rCorr    .         Rampage  .   (gloves unavailable)
MR       .....     Rnd*Tele +   (boots unavailable)
Stlth    +++.......             (no amulet)
HPRegen  0.05/turn              j - ring of teleportation (curse)
MPRegen  0.11/turn              (no ring)

@: mighty, very quick
A: very small, unfitting armour, see invisible, speed 3
a: no special abilities


You were on level 2 of the Dungeon.
You visited 1 branch of the dungeon, and saw 2 of its levels.

You collected 52 gold pieces.

Inventory:

Hand Weapons
 a - a +1 dagger (weapon)
Missiles
 i - 11 poisoned darts (quivered)
Armour
 b - a +0 robe (worn)
Jewellery
 j - a cursed ring of teleportation (left hand)
Scrolls
 f - a scroll of teleportation {unknown}
 g - a scroll of immolation {unknown}
 h - 2 scrolls of fear {unknown}
Potions
 e - a potion of curing {unknown}


   Skills:
 - Level 1.1 Short Blades
 + Level 3.9 Dodging
 + Level 5.2 Stealth
 - Level 2.6 Spellcasting
 + Level 4.1 Hexes


You had 4 spell levels left.
You knew the following spells:

 Your Spells              Type           Power        Failure   Level
a - Corona                Hex            ###....      3%          1
b - Ensorcelled Hibernat  Hex/Ice        #.....       12%         2

Your spell library contained the following spells:

 Spells                   Type           Power        Failure   Level
 Confusing Touch          Hex            ###.....     10%         3
 Tukima's Dance           Hex            ###.....     10%         3
 Dazzling Flash           Conj/Hex       #.....       22%         3


Dungeon Overview and Level Annotations

Branches:
Dungeon (2/15)

Altars:


Innate Abilities, Weirdness & Mutations

You are very small and have problems with some larger weapons.
You are too small for most types of armour.
You have supernaturally acute eyesight. (SInv)
You cover ground extremely quickly.


Message History

The stone misses you.
You barely miss the kobold. The kobold completely misses you.
There is an open door, spattered with blood here.
You see here a kobold corpse.
You hit the kobold.
The kobold is moderately wounded.
The kobold hits you.
* * * LOW HITPOINT WARNING * * *
The kobold misses you.
You hit the kobold.
You kill the kobold!
The kobold hits you.
* * * LOW HITPOINT WARNING * * *
You closely miss the kobold. The kobold completely misses you.
It was a potion of might.
You feel very mighty all of a sudden.
You miss the kobold. The kobold misses you.
You miss the kobold. The kobold hits you.
You die...

###. ...
####
#######
##.....##
#?......#
#.......#
#.......#
##..)@.##
###K###
#.(.#
#.(.#
##+##


You could see a kobold.

Vanquished Creatures
  An ooze (D:1)
  A dart slug (D:1)
  3 ball pythons (D:1)
  4 giant cockroaches (D:1)
  4 goblins
  A hobgoblin (D:2)
  A bat (D:1)
  A frilled lizard (D:1)
  5 kobolds
21 creatures vanquished.

Notes
Turn   | Place    | Note
-------+----------+-------------------------------------------
     0 | D:1      | grindst0ne the Spriggan Enchanter began the quest for the
                  | Orb.
     0 | D:1      | Reached XP level 1. HP: 9/9 MP: 5/5
   225 | D:1      | Reached XP level 2. HP: 13/13 MP: 6/6
   237 | D:1      | Learned a level 2 spell: Ensorcelled Hibernation
   374 | D:1      | Reached skill level 5 in Stealth
  1220 | D:2      | Reached XP level 3. HP: 10/16 MP: 1/8
  1238 | D:2      | Slain by a kobold

Illustrated notes

Levels and vault maps discovered:
D:1:      eino_arrival_water_star, layout_basic
D:2:      layout_basic, minmay_goblin_kobold_house

Skill      XL: |  1  2 |
---------------+-------+-----
Hexes          | 4 |  4.1
Stealth        | 5 |  5.2
Short Blades   | |  1.1
Dodging        | |  3.9
Spellcasting   | |  2.6

Action                   || total
-------------------------++-------
Melee: Dagger            ||    82
 Cast: Corona            ||     6
       Ensorcelled Hiber ||     3
  Use: Potion            ||     2
 Stab: Sleeping          ||     7
Armor: Robe              ||     5
Dodge: Dodged            ||    73

Table legend: (Time is in decaauts)
 A = Elapsed time spent in this place.
 B = Non-inter-level travel time spent in this place.
 C = Inter-level travel time spent in this place.
 D = Time resting spent in this place.
 E = Time spent auto-exploring this place.
 F = Levels seen in this place.
 G = Mean time per level.
                   A        B        C        D        E       F      G
               +--------+--------+--------+--------+--------+-----+--------+
         Total |    851 |    837 |     14 |      0 |    631 |   2 |  425.5 |
       Dungeon |    851 |    837 |     14 |      0 |    631 |   2 |  425.5 |
               +--------+--------+--------+--------+--------+-----+--------+

Top non-repeatable levels by time:
     D:1: 741 daAuts
     D:2: 110 daAuts
